 Dungeon Crawl Stone Soup version 0.22.0-76-g6cd1571672 (webtiles) character file.

14266 Peloso the Carver (level 11, -12/97 HPs)
             Began as a Minotaur Fighter on Sept 16, 2018.
             Was the Champion of Okawaru.
             Killed from afar by a necromancer (34 damage)
             ... with a bolt of fire
             ... on level 12 of the Dungeon.
             The game lasted 00:28:37 (10358 turns).

Peloso the Carver (Minotaur Fighter)               Turns: 10358, Time: 00:28:38

Health: -12/97     AC: 21    Str: 22    XL:     11   Next: 86%
Magic:  10/10      EV: 14    Int:  5    God:    Okawaru [******]
Gold:   623        SH: 15    Dex: 19    Spells: 10/10 levels left

rFire    . . .     SeeInvis .   a - +0 scimitar (protect)
rCold    . . .     Gourm    .   c - +1 shield {AC+3}
rNeg     . . .     Faith    +   b - +0 plate armour
rPois    .         Spirit   .   (helmet restricted)
rElec    .         Reflect  .   s - +0 cloak
rCorr    .         Harm     .   T - +1 pair of gloves {Dex+3}
MR       .....                  (no boots)
Stlth    ..........             A - amulet of faith
HPRegen  0.26/turn              l - +4 ring of dexterity
MPRegen  0.12/turn              R - +5 ring of evasion

@: lethally poisoned (-12 -> -21)
A: retaliatory headbutt, horns 2
a: Heroism, Finesse, Renounce Religion


You were on level 12 of the Dungeon.
You worshipped Okawaru.
Okawaru was exalted by your worship.
You were not hungry.

You visited 1 branch of the dungeon, and saw 12 of its levels.

You collected 623 gold pieces.

Inventory:

Hand Weapons
 a - a +0 scimitar of protection (weapon)
 G - a +6 short sword
Armour
 b - a +0 plate armour (worn)
 c - a +1 shield of protection (worn)
 s - a +0 cloak (worn)
 T - a +1 pair of gloves of dexterity (worn)
Jewellery
 j - an uncursed ring of see invisible
 l - a +4 ring of dexterity (left hand)
 v - an uncursed ring of magical power
 w - an uncursed amulet of guardian spirit
 x - an uncursed ring of flight
 A - an amulet of faith (around neck)
 D - an uncursed ring of protection from fire
 H - a +2 ring of protection
 N - an uncursed ring of magical power
 P - a cursed -2 ring of intelligence
 R - a +5 ring of evasion (right hand)
Wands
 e - a wand of paralysis (29)
 t - a wand of random effects (54)
 y - a wand of polymorph (30)
 C - a wand of iceblast (8)
 F - a wand of disintegration (46)
 J - a wand of acid (8)
Scrolls
 g - 4 scrolls of enchant armour
 h - a scroll of magic mapping {unknown}
 i - 4 scrolls of remove curse
 m - 4 scrolls of blinking {unknown}
 n - 20 scrolls of identify {unknown}
 p - 4 scrolls of amnesia {unknown}
 q - 6 scrolls of teleportation {unknown}
 E - a scroll of enchant weapon {unknown}
 L - a scroll of fear {unknown}
 Q - a scroll of fog {unknown}
 S - a scroll of silence {unknown}
 V - a scroll of noise {unknown}
Potions
 d - a potion of cancellation {unknown}
 k - 2 potions of ambrosia {unknown}
 o - 5 potions of curing
 r - 6 potions of degeneration {unknown}
 u - 3 potions of magic {unknown}
 z - a potion of invisibility {unknown}
 B - 2 potions of flight {unknown}
 I - 2 potions of might
 K - 2 potions of resistance {unknown}
 M - 2 potions of brilliance {unknown}
 O - a potion of heal wounds {unknown}
Comestibles
 f - 15 rations
 U - 9 chunks of flesh


   Skills:
 + Level 9.4 Fighting
 + Level 1.0(8.2) Short Blades
 + Level 13.5 Long Blades
 + Level 9.9 Armour
 + Level 4.0 Dodging
 + Level 2.0 Stealth
 + Level 12.6 Shields
 + Level 0.3 Evocations


You had 10 spell levels left.
You didn't know any spells.
Your spell library contained the following spells:

 Spells                   Type           Power        Failure   Level  Hunger
 Animate Skeleton         Necr           N/A          100%        1    ##.....
 Beastly Appendage        Tmut           #.....       100%        1    ##.....
 Magic Dart               Conj           #...         100%        1    ##.....
 Pain                     Necr           #...         100%        1    ##.....
 Shock                    Conj/Air       #...         100%        1    ##.....
 Blink                    Tloc           N/A          100%        2    ###....
 Call Imp                 Summ           #.......     100%        2    ###....
 Slow                     Hex            #.......     100%        2    ###....
 Sticks to Snakes         Tmut           #.......     100%        2    ###....
 Swiftness                Chrm/Air       #.......     100%        2    ###....
 Conjure Flame            Conj/Fire      #.......     100%        3    ####...
 Mephitic Cloud           Conj/Pois/Air  #.......     100%        3    ####...
 Regeneration             Chrm/Necr      #.........   100%        3    ####...
 Spider Form              Tmut/Pois      #.........   100%        3    ####...
 Static Discharge         Conj/Air       #.......     100%        3    ####...
 Vampiric Draining        Necr           #.........   100%        3    ####...
 Airstrike                Air            #.........   100%        4    #####..
 Animate Dead             Necr           N/A          100%        4    #####..
 Ice Form                 Ice/Tmut       #.......     100%        4    #####..
 Blade Hands              Tmut           #.........   100%        5    ######.
 Lightning Bolt           Conj/Air       #.........   100%        5    ######.


Dungeon Overview and Level Annotations

Branches:
Dungeon (12/15)            Temple (0/1) D:5            Lair (0/6) D:10
    Orc (0/2) D:11

Altars:
Fedhas
Hepliaklqana
Kikubaaqudgha
Makhleb
Nemelex Xobeh
Okawaru
Ru
Vehumet
Xom
Beogh

Shops:
D:7 %   D:8 :


Innate Abilities, Weirdness & Mutations

You reflexively headbutt those who attack you in melee.
You have a pair of horns on your head.


Message History

You closely miss something. You headbutt something.
You feel sick. Something hits you but does no damage.
You miss something. Your headbutt misses something.
You feel sick. Something hits you but does no damage.
You are lethally poisoned!
It was a potion of curing.
You feel better. Something hits you but does no damage.
You are poisoned.
You barely miss something.
You feel sick. Something hits you but does no damage.
You are more poisoned.
Unknown command.
You miss something. You headbutt something.
You feel sick.
You miss something.
You feel sick. Something hits you but does no damage.
You miss something.
You feel sick. Something hits you but does no damage.
You closely miss something.
You feel sick.
You hear some strange, mumbled words.
A bolt of fire appears from out of thin air!
The bolt of fire hits you!
You die...

.# .. ..........# .# .#
+#######..# .# ##.#..
.....#..########+#
.########....
.................. ..........#
######.....<.......
..........# #..)
#............. #.........#
+..###.............
#######...#
#....#.............
...###.#####.@..#......#######
...(........#.{..#......#
.###+#..P⌠P.'....#......#
#......######......#
#..................+
#............#.....#
#............# ..............#
.####+#........#


There were no monsters in sight!

Vanquished Creatures
  Harold (D:7)
  A two-headed ogre (D:12)
  5 ugly things
  A manticore (D:11)
  2 centaur zombies
  Joseph (D:7)
  A centaur skeleton (D:9)
  A tengu conjurer (D:9)
  A hornet (D:11)
  A hippogriff (D:8)
  Sigmund (D:4)
  A wyvern (D:11)
  9 yaks
  Eustachio (D:3)
  Edmund (D:5)
  A water moccasin (D:9)
  5 orc warriors
  2 porcupines (D:10)
  6 black bears
  4 ice beasts
  A necrophage (D:10)
  3 sky beasts
  5 ogres
  4 phantoms
  7 centaurs
  3 big kobolds
  8 bullfrogs
  A crocodile (D:10)
  A gnoll sergeant (D:9)
  5 scorpions
  A wyvern skeleton (D:12)
  A water moccasin skeleton (D:8)
  A killer bee (D:8)
  10 wights
  4 howler monkeys
  2 bullfrog zombies
  A quasit (D:12)
  2 bullfrog skeletons
  6 hounds
  3 crimson imps
  Crazy Yiuf (D:4)
  6 orc priests
  13 orc wizards
  7 iguanas
  2 worker ants (D:4)
  A yak simulacrum (D:12)
  A centaur simulacrum (D:10)
  2 hound skeletons
  A killer bee simulacrum (D:10)
  2 worker ant zombies
  16 adders
  7 gnolls
  2 shadow imps
  3 white imps (D:10)
  2 ufetubi (D:10)
  An adder zombie (D:8)
  An ooze (D:3)
  An adder skeleton (D:9)
  A worm (D:3)
  2 dart slugs
  6 leopard geckos
  56 orcs
  4 bat skeletons (D:3)
  A bat zombie (D:3)
  5 giant cockroaches
  8 goblins
  8 hobgoblins
  8 jackals
  18 kobolds
  5 quokkas
  2 ball pythons (D:1)
  14 bats
  7 frilled lizards
  A giant cockroach zombie (D:5)
  A leopard gecko skeleton (D:9)
  A leopard gecko zombie (D:8)
  A quokka skeleton (D:4)
  A quokka zombie (D:5)
  10 rats
  A river rat simulacrum (D:12)
345 creatures vanquished.

Notes
Turn   | Place    | Note
-------+----------+-------------------------------------------
     0 | D:1      | Peloso the Minotaur Fighter began the quest for the Orb.
     0 | D:1      | Reached XP level 1. HP: 19/19 MP: 0/0
    35 | D:1      | Reached XP level 2. HP: 15/27 MP: 1/1
   322 | D:1      | Reached XP level 3. HP: 32/33 MP: 2/2
   801 | D:2      | Reached skill level 3 in Long Blades
   890 | D:2      | Found a shimmering altar of Xom.
   949 | D:2      | Found a hazy altar of Hepliaklqana.
   957 | D:2      | Found a sparkling altar of Nemelex Xobeh.
  1067 | D:2      | Reached skill level 1 in Dodging
  1072 | D:2      | Reached XP level 4. HP: 40/40 MP: 3/3
  1208 | D:2      | Found a sacrificial altar of Ru.
  1589 | D:3      | Reached XP level 5. HP: 47/47 MP: 4/4
  1877 | D:3      | Reached skill level 4 in Long Blades
  1980 | D:3      | Found an ancient bone altar of Kikubaaqudgha.
  2314 | D:4      | Reached skill level 5 in Shields
  2370 | D:4      | Reached XP level 6. HP: 19/53 MP: 4/5
  2382 | D:4      | Reached skill level 5 in Armour
  2622 | D:4      | Noticed Sigmund
  2657 | D:4      | Killed Sigmund
  2657 | D:4      | Reached skill level 5 in Long Blades
  2657 | D:4      | Reached XP level 7. HP: 23/60 MP: 6/6
  2770 | D:4      | Found an iron altar of Okawaru.
  2831 | D:4      | Found a runed door.
  2837 | D:4      | Noticed Eustachio
  2930 | D:3      | Killed Eustachio
  2930 | D:3      | Reached skill level 5 in Fighting
  2930 | D:3      | Reached skill level 6 in Long Blades
  3136 | D:4      | You fall through a shaft for 3 floors!
  3424 | D:7      | Reached XP level 8. HP: 59/68 MP: 7/7
  3424 | D:7      | Noticed Harold
  3548 | D:5      | Entered Level 5 of the Dungeon
  3821 | D:4      | Noticed Crazy Yiuf
  3825 | D:4      | Killed Crazy Yiuf
  3867 | D:4      | Became a worshipper of Warmaster Okawaru
  3929 | D:5      | Reached skill level 7 in Long Blades
  4035 | D:5      | Noticed Edmund
  4072 | D:5      | Killed Edmund
  4291 | D:5      | Found a staircase to the Ecumenical Temple.
  4460 | D:6      | Reached * piety under Okawaru
  4476 | D:6      | Reached skill level 8 in Long Blades
  4720 | D:6      | Reached XP level 9. HP: 50/75 MP: 8/8
  4822 | D:6      | Reached ** piety under Okawaru
  4840 | D:6      | Found a blossoming altar of Fedhas.
  5146 | D:6      | Reached skill level 1 in Stealth
  5427 | D:6      | Reached skill level 9 in Long Blades
  5918 | D:7      | Noticed Joseph
  5938 | D:7      | Killed Joseph
  5938 | D:7      | Reached *** piety under Okawaru
  6033 | D:7      | Killed Harold
  6033 | D:7      | Reached **** piety under Okawaru
  6033 | D:7      | Reached skill level 10 in Long Blades
  6033 | D:7      | Reached XP level 10. HP: 70/84 MP: 9/9
  6061 | D:7      | Found Woaqauka's Food Shop.
  6303 | D:8      | Reached skill level 10 in Shields
  6470 | D:8      | Found Welep's Book Shop.
  6684 | D:8      | Reached ***** piety under Okawaru
  6684 | D:8      | Reached skill level 11 in Long Blades
  7102 | D:9      | Noticed a purple ugly thing
  7120 | D:9      | Killed a purple ugly thing
  7120 | D:9      | Reached skill level 1 in Short Blades
  7142 | D:9      | Noticed a purple ugly thing
  7165 | D:9      | Killed a purple ugly thing
  7340 | D:9      | Found a blossoming altar of Fedhas.
  7403 | D:9      | Received a gift from Okawaru
  8126 | D:9      | Found a radiant altar of Vehumet.
  8126 | D:9      | Found a burning altar of Makhleb.
  8139 | D:9      | Reached XP level 11. HP: 94/94 MP: 10/10
  8145 | D:10     | Entered Level 10 of the Dungeon
  8374 | D:10     | Found a staircase to the Lair.
  8384 | D:10     | Reached skill level 12 in Long Blades
  9303 | D:11     | Received a gift from Okawaru
  9337 | D:11     | Paralysed by an orc wizard for 2 turns
  9469 | D:11     | Reached ****** piety under Okawaru
  9510 | D:11     | Noticed a white ugly thing
  9521 | D:11     | Killed a white ugly thing
  9783 | D:11     | Reached skill level 13 in Long Blades
  9794 | D:11     | Received a gift from Okawaru
  9850 | D:11     | Found a roughly hewn altar of Beogh.
  9850 | D:11     | Found a staircase to the Orcish Mines.
 10021 | D:12     | Noticed a brown ugly thing
 10021 | D:12     | Noticed a brown ugly thing
 10042 | D:11     | Killed a brown ugly thing
 10053 | D:11     | Killed a white ugly thing
 10252 | D:12     | Noticed a two-headed ogre
 10265 | D:12     | Killed a two-headed ogre
 10334 | D:12     | Noticed a necromancer
 10358 | D:12     | Killed from afar by a necromancer

Skill      XL: |  1  2  3  4  5  6  7  8  9 10 11 |
---------------+----------------------------------+-----
Fighting       | 4 5 6 7 9 |  9.4
Shields        | 4 5 6 8 9 11 12 | 12.6
Armour         | 4 5 6 8 9 |  9.9
Long Blades    | 3 4 5 6 8 10 11 13 | 13.5
Dodging        | 1 2 3 4 |  4.0
Stealth        | 1 2 |  2.0
Short Blades   | 1 |  1.0
Evocations     | |  0.3

Action                   |  1- 3 |  4- 6 |  7- 9 | 10-12 || total
-------------------------+-------+-------+-------+-------++-------
Melee: Long sword        |    86 |   117 |   424 |   211 ||   838
       Headbutt          |     6 |    31 |   120 |   182 ||   339
       Scimitar          |       |       |       |   379 ||   379
       Short sword       |       |       |       |    23 ||    23
Evoke: Wand              |       |     1 |       |     3 ||     4
  Use: Potion            |       |     1 |       |     1 ||     2
       Scroll            |       |       |       |     5 ||     5
  Eat: Chunk             |       |     6 |    11 |    15 ||    32
Armor: Scale mail        |    98 |    33 |       |       ||   131
       Chain mail        |       |    23 |   152 |       ||   175
       Plate armour      |       |       |    60 |   241 ||   301
Dodge: Dodged            |    50 |    41 |   118 |   163 ||   372
Block: Shield            |    88 |    72 |   255 |   366 ||   781
       Rpst.: Long sword |    12 |    10 |    25 |    12 ||    59
       Scimitar          |       |       |       |    24 ||    24
